 Dungeon Crawl Stone Soup version 0.29.1-1-gd02db6906a (webtiles) character file.

Game seed: 4072170512973191650

484 Godmorgon the Gusty (level 7, -3/36 HPs)
             Began as a Tengu Air Elementalist on Oct 21, 2022.
             Slain by Duvessa
             ... wielding a +0 rapier
              (6 damage)
             ... on level 4 of the Dungeon.
             The game lasted 00:16:48 (5171 turns).

Godmorgon the Gusty (Tengu Air Elementalist)        Turns: 5171, Time: 00:16:49

Health: -3/36      AC:  2    Str:  9    XL:     7   Next: 12%
Magic:  2/13       EV: 14    Int: 17    God:
Gold:   220        SH:  0    Dex: 14    Spells: 6/13 levels left

rFire   . . .      SeeInvis .   a - +6 dagger (drain)
rCold   . . .      Faith    .   (no shield)
rNeg    . . .      Spirit   .   e - +0 robe
rPois   .          Reflect  .   (helmet restricted)
rElec   .          Harm     .   (no cloak)
rCorr   +          Rampage  .   (no gloves)
Will    .....                   (boots unavailable)
Stlth   ++........              (no amulet)
HPRegen 0.12/turn               k - ring of resist corrosion
MPRegen 0.13/turn               (no ring)

@: flying quickly and evasively, very slightly contaminated, quick
A: beak, talons 3, nimble flight
a: no special abilities


You were on level 4 of the Dungeon.
You visited 1 branch of the dungeon, and saw 4 of its levels.

You collected 220 gold pieces.

Inventory:

Hand Weapons
 a - a +6 dagger of draining (weapon)
 r - a +0 long sword
Armour
 e - a +0 robe (worn)
Jewellery
 k - a ring of resist corrosion (left hand)
Wands
 s - a wand of polymorph (7)
Scrolls
 d - 2 scrolls of immolation {unknown}
 f - 2 scrolls of silence {unknown}
 g - 5 scrolls of identify {unknown}
 i - a scroll of fear {unknown}
 j - 2 scrolls of butterflies {unknown}
 l - a scroll of vulnerability {unknown}
 m - 2 scrolls of poison {unknown}
 o - a scroll of torment {unknown}
 p - a scroll of teleportation {unknown}
 q - a scroll of enchant weapon {unknown}
 v - a scroll of magic mapping {unknown}
Potions
 b - a potion of magic
 c - 2 potions of lignification {unknown}
 h - a potion of attraction {unknown}
 n - 2 potions of haste {unknown}
 t - a potion of heal wounds {unknown}
 u - a potion of flight {unknown}


   Skills:
 - Level 2.1 Dodging
 - Level 2.0 Stealth
 + Level 3.7 Spellcasting
 + Level 4.7 Conjurations
 * Level 7.9 Air Magic


You had 6 spell levels left.
You knew the following spells:

 Your Spells              Type           Power      Damage    Failure   Level
a - Airstrike             Air            15%        2d(3-19)  6%          4
d - Static Discharge      Conj/Air       24%        3-6/arc   1%          2
s - Shock                 Conj/Air       96%        1d9       1%          1

Your spell library contained the following spells:

 Spells                   Type           Power      Damage    Failure   Level
 Swiftness                Air            30%        N/A       1%          3
 Necrotise                Necr           12%        1d4       16%         1
 Dazzling Flash           Conj/Hex       22%        N/A       19%         3
 Call Canine Familiar     Summ           3%         N/A       43%         3
 Portal Projectile        Hex/Tloc       6%         N/A       43%         3
 Vampiric Draining        Necr           3%         2d6       43%         3
 Silence                  Hex/Air        8%         N/A       65%         5
 Leda's Liquefaction      Hex/Erth       1%         N/A       85%         4
 Agony                    Necr           3%         N/A       99%         5


Dungeon Overview and Level Annotations

Branches:
Dungeon (4/15)
 Temple: D:4-7

Altars:
Qazlal

Annotations:
D:4 Duvessa


Innate Abilities, Weirdness & Mutations

You have a beak for a mouth.
You have claws for feet.
Your magical nature lets you fly swiftly and evasively.


Message History

You are very lightly contaminated with residual magic.
Nothing appears to happen.
Duvessa closely misses you.
Casting: Airstrike (quite dangerous; 6% risk of failure)
Confirm with . or Enter, or press ? or * to list all spells.
Duvessa is struck by an arc of lightning!
Duvessa is lightly wounded.
You are struck by an arc of lightning.
Duvessa is struck by an arc of lightning!
Duvessa is moderately wounded.
You are struck by an arc of lightning.
The lightning grounds out.
Duvessa misses you.
Casting: Static Discharge (safe; 1% risk of failure)
Confirm with . or Enter, or press ? or * to list all spells.
Duvessa is struck by an arc of lightning.
Duvessa is heavily wounded.
You are struck by an arc of lightning.
The lightning grounds out.
Duvessa hits you with a +0 rapier! Duvessa misses you.
Casting: Static Discharge (safe; 1% risk of failure)
Confirm with . or Enter, or press ? or * to list all spells.
Duvessa is struck by an arc of lightning.
Duvessa is heavily wounded.
The giant cockroach is struck by an arc of lightning.
You kill the giant cockroach!
Duvessa is struck by an arc of lightning.
Duvessa is severely wounded.
You are struck by an arc of lightning.
The lightning grounds out.
Duvessa hits you with a +0 rapier!
* * * LOW HITPOINT WARNING * * *
Casting: Static Discharge (safe; 1% risk of failure)
Confirm with . or Enter, or press ? or * to list all spells.
Duvessa is struck by an arc of lightning.
Duvessa is severely wounded.
You are struck by an arc of lightning.
* * * LOW HITPOINT WARNING * * *
The lightning grounds out.
Duvessa closely misses you. Duvessa barely misses you.
Okay, then.
Duvessa hits you with a +0 rapier.
You die...

.................................
##########.......................
##.#########.##'#......##.....#..
...#.....# #.##.......####.####..
##.#.....###.##.....#..........##
...#.....##............###.###.##
#........##.............##.##..##
.........##....................##
.........##.....@e.....###.#.....
.........'.................#.....
#.##.....#...........#.#####...B#
.....)...#.............# #....#
..#......#.......#...#.#####....#
......w..........#..)...........#
....####.#[###'#.#..............#
....####.#.# #...................
.........#[# ###.####.....<......


You could see Duvessa (berserk).

Vanquished Creatures
  Edmund (D:3)
  Dowan (D:4)
  A jelly (D:4)
  A howler monkey (D:4)
  A hound (D:4)
  An orc priest (D:4)
  7 gnolls
  3 adders
  3 worms
  5 dart slugs
  8 orcs
  4 ball pythons
  2 bats
  7 endoplasms
  2 giant cockroaches
  7 goblins
  4 hobgoblins
  3 quokkas
  A frilled lizard (D:3)
  5 kobolds
  6 rats
73 creatures vanquished.

Notes
Turn   | Place    | Note
-------+----------+-------------------------------------------
     0 | D:1      | Godmorgon the Tengu Air Elementalist began the quest for
                  | the Orb.
     0 | D:1      | Reached XP level 1. HP: 10/10 MP: 4/4
   239 | D:1      | Reached XP level 2. HP: 15/15 MP: 0/6
   242 | D:1      | Learned a level 2 spell: Static Discharge
  1170 | D:2      | Reached XP level 3. HP: 13/19 MP: 4/7
  1582 | D:2      | Reached skill level 5 in Air Magic
  1816 | D:2      | Reached XP level 4. HP: 24/24 MP: 5/8
  2744 | D:3      | Noticed a phantom
  3153 | D:3      | Gained mutation: Your magical nature lets you fly swiftly
                  | and evasively. [Tengu growth]
  3153 | D:3      | Reached XP level 5. HP: 28/28 MP: 7/10
  3196 | D:3      | Reached skill level 6 in Air Magic
  3750 | D:4      | Noticed Dowan
  3800 | D:4      | Killed Dowan
  3801 | D:4      | Reached XP level 6. HP: 11/32 MP: 6/11
  4023 | D:4      | Reached skill level 7 in Air Magic
  4180 | D:4      | Noticed Edmund
  4217 | D:4      | Learned a level 4 spell: Airstrike
  4307 | D:3      | Killed Edmund
  4308 | D:3      | Reached XP level 7. HP: 36/36 MP: 0/13
  5084 | D:4      | Found a stormy altar of Qazlal.
  5153 | D:4      | Noticed Duvessa
  5171 | D:4      | Slain by Duvessa

Illustrated notes

Levels and vault maps discovered:
D:1:      eino_arrival_druids_welcome, layout_loops_ring
D:2:      layout_loops_ring, kennysheep_path_1
D:3:      layout_rooms, grunt_ministairs_10, lightli_corner_chamber
D:4:      layout_basic, kennysheep_mini_moat, uniq_edmund, uniq_duvessa

Skill      XL: |  1  2  3  4  5  6 |
---------------+-------------------+-----
Conjurations   | 2 3 4 |  4.7
Air Magic      | 5 6 7 |  7.9
Spellcasting   | 3 |  3.7
Dodging        | |  2.1
Stealth        | |  2.0

Action                   |  1- 3 |  4- 6 |  7- 9 || total
-------------------------+-------+-------+-------++-------
Melee: Whip              |     2 |       |       ||     2
       Kick              |     2 |     2 |       ||     4
       Dagger            |     6 |     6 |       ||    12
       Peck              |     2 |     1 |       ||     3
 Cast: Shock             |    29 |    94 |       ||   123
       Static Discharge  |     9 |    13 |     9 ||    31
       Airstrike         |       |     4 |     1 ||     5
Armor: Robe              |     2 |     1 |       ||     3
Dodge: Dodged            |     8 |    10 |     5 ||    23
